 Dungeon Crawl Stone Soup version 0.28.0 (webtiles) character file.

Game seed: 14317683578269387356

30 dudediamond6 the Ruffian (level 3, -6/30 HPs)
             Began as a Ghoul Gladiator on Feb 9, 2022.
             Mangled by a gnoll (9 damage)
             ... on level 2 of the Dungeon.
             The game lasted 00:02:26 (153 turns).

dudediamond6 the Ruffian (Ghoul Gladiator)           Turns: 153, Time: 00:02:26

Health: -6/30      AC:  4    Str: 19    XL:     3   Next: 20%
Magic:  2/2        EV: 12    Int:  3    God:
Gold:   0          SH:  0    Dex: 10    Spells: 2/2 levels left

rFire   . . .      SeeInvis .     - Unarmed
rCold   + . .      Faith    .   (no shield)
rNeg    + + +      Spirit   .   a - +0 leather armour
rPois   ∞          Reflect  .   b - +0 helmet
rElec   .          Harm     .   (no cloak)
rCorr   .          Rampage  .   (no gloves)
Will    .....                   (no boots)
Stlth   +.........              (no amulet)
HPRegen 0.00/turn               (no ring)
MPRegen 0.08/turn               (no ring)

@: inhibited regen
A: claws 1, cold resistance 1, negative energy resistance 3, inhibited
regeneration, torment resistance 2
a: no special abilities


You were on level 2 of the Dungeon.
You visited 1 branch of the dungeon, and saw 2 of its levels.

Inventory:

Missiles
 c - 3 throwing nets (quivered)
Armour
 a - a +0 leather armour (worn)
 b - a +0 helmet (worn)
Scrolls
 d - a scroll of teleportation {unknown}


   Skills:
 + Level 2.3 Fighting
 + Level 1.9 Throwing
 + Level 0.1 Armour
 + Level 3.1 Dodging
 + Level 3.9 Unarmed Combat


You had 2 spell levels left.
You didn't know any spells.
Your spell library was empty.

Dungeon Overview and Level Annotations

Branches:
Dungeon (2/15)

Altars:


Innate Abilities, Weirdness & Mutations

You thrive by killing the living.
You are immune to poison.
You have sharp fingernails.
Your flesh is cold resistant. (rC+)
You are immune to negative energy. (rN+++)
You do not regenerate when monsters are visible.
You are immune to unholy pain and torment.


Message History

You scratch the bullfrog skeleton.
The bullfrog skeleton is severely damaged.
The bullfrog skeleton hits you.
* * * LOW HITPOINT WARNING * * *
You scratch the bullfrog skeleton.
The bullfrog skeleton is almost destroyed.
The bullfrog skeleton misses you.
The bullfrog skeleton hits you but does no damage.
You scratch the bullfrog skeleton.
You destroy the bullfrog skeleton!
Your Dodging skill increases to level 3!
You have reached level 2!
You have reached level 3!
Your experience leads to an increase in your attributes!
Increase (S)trength, (I)ntelligence, or (D)exterity?
You feel stronger. x2
Unknown command.
A giant cockroach comes into view.
Found 12 gold pieces.
The giant cockroach misses you.
You scratch the giant cockroach.
You kill the giant cockroach!
d - a scroll labelled SEPREA FIMNE You can't go down here!
Unknown command.
Found a fizzy blue potion.
A gnoll comes into view.
It is wielding a +0 flail of protection.
The gnoll shouts!
You see here 12 gold pieces.
Found a hand axe.
A goblin comes into view. It is wielding a +0 dagger.
The goblin shouts!
You hear a shout!
You scratch the gnoll.
The gnoll is moderately wounded.
The gnoll hits you with a +0 flail of protection!
* * * LOW HITPOINT WARNING * * *
You barely miss the gnoll.
The gnoll is moderately wounded.
The gnoll hits you with a +0 flail of protection!
You die...

##§≈§##.. ≈§≈§.
######.§§§# ....
≈≈§.
#......§§§#####.#
≈≈≈≈
#.####.≈§§≈§≈≈# #
#§≈§§≈§≈≈# #
#.≈§§§§≈≈# ...
#.≈≈≈§≈###
#..####.$≈≈≈##
#.....@g.≈§##
##.#####.g##
#....# #.#...§≈
.....§...
#!####..# #.# ..)
#.# .#


You could see a gnoll and a goblin.

Vanquished Creatures
  A bullfrog skeleton (D:2)
  A giant cockroach (D:2)
2 creatures vanquished.

Notes
Turn   | Place    | Note
-------+----------+-------------------------------------------
     0 | D:1      | dudediamond6 the Ghoul Gladiator began the quest for the
                  | Orb.
     0 | D:1      | Reached XP level 1. HP: 17/17 MP: 0/0
   131 | D:2      | Reached XP level 2. HP: 8/25 MP: 1/1
   131 | D:2      | Reached XP level 3. HP: 10/30 MP: 2/2
   153 | D:2      | Mangled by a gnoll

Illustrated notes

Levels and vault maps discovered:
D:1:      lemuel_arrival_cross, layout_loops_ring
D:2:      layout_loops_ring, grunt_decor_junction, minmay_pentomino_x2

Skill      XL: |  1 |
---------------+----+-----
Dodging        | 3 |  3.1
Fighting       | |  2.3
Throwing       | |  1.9
Armour         | |  0.1
Unarmed Combat | |  3.9

Action                   || total
-------------------------++-------
Melee: Unarmed           ||    14
Armor: Leather armour    ||     1
Dodge: Dodged            ||     8
